 Dungeon Crawl Stone Soup version 0.29.1-1-gd02db6906a (webtiles) character file.

Game seed: 5943787858245768479

156 safid the Shooter (level 5, 0/47 HPs)
             Began as a Minotaur Hunter on Sept 15, 2022.
             Slain by Pikel
             ... wielding a +2 whip of flaming
              (6 damage)
             ... on level 3 of the Dungeon.
             The game lasted 00:03:05 (2719 turns).

safid the Shooter (Minotaur Hunter)                 Turns: 2719, Time: 00:03:06

Health: 0/47       AC:  6    Str: 15    XL:     5   Next: 15%
Magic:  4/4        EV: 12    Int:  6    God:
Gold:   78         SH:  0    Dex: 16    Spells: 4/4 levels left

rFire   . . .      SeeInvis .   a - +0 shortbow
rCold   . . .      Faith    .   (shield currently unavailable)
rNeg    . . .      Spirit   .   c - +0 leather armour
rPois   .          Reflect  .   (helmet restricted)
rElec   .          Harm     .   (no cloak)
rCorr   .          Rampage  .   (no gloves)
Will    .....                   p - +2 pair of boots
Stlth   +.........              (no amulet)
HPRegen 0.15/turn               (no ring)
MPRegen 0.09/turn               (no ring)

@: no status effects
A: horns 2, retaliatory headbutt
a: no special abilities


You were on level 3 of the Dungeon.
You visited 1 branch of the dungeon, and saw 4 of its levels.

You collected 88 gold pieces.
You spent 10 gold pieces at shops.

Inventory:

Hand Weapons
 a - a +0 shortbow (weapon)
Armour
 c - a +0 leather armour (worn)
 p - a +2 pair of boots (worn)
Scrolls
 d - 5 scrolls of identify
 e - 3 scrolls of blinking
 f - 2 scrolls of teleportation {unknown}
 j - 2 scrolls of vulnerability {unknown}
 m - a scroll of enchant armour {unknown}
 n - a scroll of summoning {unknown}
Potions
 g - a potion of cancellation {unknown}
 h - 2 potions of invisibility {unknown}
 i - 2 potions of berserk rage {unknown}
 k - 2 potions of curing {unknown}
 l - 2 potions of heal wounds {unknown}


   Skills:
 + Level 4.6 Fighting
 + Level 5.7 Ranged Weapons
 - Level 3.0 Dodging
 - Level 0.7 Stealth


You had 4 spell levels left.
You didn't know any spells.
Your spell library was empty.

Dungeon Overview and Level Annotations

Branches:
Dungeon (4/15)
 Temple: D:4-7

Altars:

Shops:
D:2 *

Annotations:
D:3 Pikel


Innate Abilities, Weirdness & Mutations

You have a pair of horns on your head.
You reflexively headbutt those who attack you in melee.


Message History

Pikel hits you with a +2 whip of flaming!
Pikel burns you.
You are too injured to fight recklessly!
You are too injured to fight recklessly!
You are too injured to fight recklessly!
You are too injured to fight recklessly!
Fire: a) +0 shortbow
Press: ? - help, Q - select action Shift-Dir - straight line, f/p - Pikel
Aim: Pikel, wielding a +2 whip of flaming and wearing a +0 robe (lightly wounded, 58% to hit)
You shoot an arrow. The arrow hits Pikel!
Pikel is moderately wounded.
The lemure closely misses you.
A lemure comes into view.
Pikel hits you with a +2 whip of flaming.
Pikel burns you.
* * * LOW HITPOINT WARNING * * *
Fire: a) +0 shortbow
Press: ? - help, Q - select action Shift-Dir - straight line, f/p - Pikel
Aim: Pikel, wielding a +2 whip of flaming and wearing a +0 robe (moderately wounded, 58% to hit)
You shoot an arrow.
The arrow hits Pikel but does no damage.
Pikel is moderately wounded.
The lemure barely misses you.
Pikel hits you with a +2 whip of flaming.
* * * LOW HITPOINT WARNING * * *
Pikel burns you.
* * * LOW HITPOINT WARNING * * *
The lemure hits you.
* * * LOW HITPOINT WARNING * * *
Pikel misses you. You furiously retaliate!
You headbutt Pikel!
You climb upwards.
There is a stone staircase leading down here.
Unknown command.
As you read the scroll labelled EJYVAEFOUCS, it crumbles to dust.
It is a scroll of identify.
e - 3 scrolls of blinking The lemure hits you.
* * * LOW HITPOINT WARNING * * *
Pikel hits you with a +2 whip of flaming.
You die...

#.....##.#####.##.
#.....##.#...#.##.
#.....##.#...#.##.
#........'...'.##.
#..##....#...#####
#..##.####...# #.....#
#...#
#..#######...#####
#@K......+...'....
######5#######...#####
#............#...#
#............#...#
#............#...#
#............#####
#............#
#............#
#..........).#


You could see Pikel and a lemure.

Vanquished Creatures
  A lemure (D:3)
  A necrophage (D:4)
  4 adders (D:2)
  A worm (D:2)
  An orc (D:3)
  4 ball pythons
  2 endoplasms
  4 giant cockroaches
  9 hobgoblins
  7 kobolds
  4 quokkas
  4 bats
  5 frilled lizards
  6 goblins
  4 rats
57 creatures vanquished.

Notes
Turn   | Place    | Note
-------+----------+-------------------------------------------
     0 | D:1      | safid the Minotaur Hunter began the quest for the Orb.
     0 | D:1      | Reached XP level 1. HP: 18/18 MP: 0/0
    11 | D:1      | Found a faded altar of an unknown god.
   100 | D:1      | Reached XP level 2. HP: 25/25 MP: 1/1
   697 | D:1      | Reached XP level 3. HP: 26/31 MP: 2/2
  1108 | D:2      | Reached skill level 5 in Ranged Weapons
  1404 | D:2      | Found Zonya's General Store.
  1408 | D:2      | Bought a scroll of noise for 10 gold pieces
  1474 | D:2      | Reached XP level 4. HP: 35/40 MP: 3/3
  2611 | D:4      | Noticed a necrophage
  2619 | D:4      | Killed a necrophage
  2620 | D:4      | Reached XP level 5. HP: 39/47 MP: 4/4
  2672 | D:4      | Noticed a lemure
  2673 | D:4      | Noticed Pikel
  2675 | D:4      | Noticed a lemure
  2685 | D:3      | Killed a lemure
  2715 | D:4      | Noticed a lemure
  2719 | D:3      | Slain by Pikel

Illustrated notes

Levels and vault maps discovered:
D:1:      dpeg_arrival_rooms_a, layout_loops_ring, basic_ecumenical_altar,
          grunt_decor_cap
D:2:      layout_basic, serial_shops, shop
D:3:      layout_basic, minivault_26, minmay_stone_trees_small
D:4:      layout_loops_corners, kennysheep_little_box,
          lemuel_coloured_pillars_altar, mainiacjoe_overflow_alcove_4,
          mainiacjoe_overflow_tiny_flanked, st_stairs_8,
          minmay_stone_trees_medium, uniq_pikel

Skill      XL: |  1  2  3  4 |
---------------+-------------+-----
Fighting       | 3 4 |  4.6
Dodging        | 3 |  3.0
Ranged Weapons | 5 |  5.7
Stealth        | |  0.7

Action                   |  1- 3 |  4- 6 || total
-------------------------+-------+-------++-------
 Fire: Shortbow          |   106 |    54 ||   160
  Use: Scroll            |       |     1 ||     1
Armor: Leather armour    |     9 |     8 ||    17
Dodge: Dodged            |    29 |    20 ||    49
